Map: Washout LE

Players

ByuN

  • Race: Terran Terran
  • League: Grandmaster

Lambo - Winner!

  • Race: Zerg Zerg
  • League: Grandmaster

VOD

Have the link to the VOD?

Description

Time

  • Played on: June 25, 2026, 12:04 p.m.
  • Length: 9:37
Show
View Real Time Build Order
Export as new Build Order

ByuN Terran 

Build Orders: Reaper Expand 

Get SALT Encoding   

  8  0:00  SCV  
  9  0:13  SCV  
  10  0:25  SCV  
  11  0:37  SCV  
  11  0:39  Supply Depot  
  12  0:49  SCV  
  13  1:02  SCV  
  13  1:03  Barracks  
  14  1:06  Refinery  
  14  1:14  SCV  
  15  1:26  SCV  
  16  1:38  SCV  
  17  1:49  Reaper  
  17  1:52  Orbital Command  
  18  2:10  Command Center  
  18  2:18  SCV  
  19  2:24  Supply Depot  
  19  2:25  Marine  
  20  2:30  SCV  
  21  2:44  Barracks Reactor  
  21  2:45  SCV  
  21  2:48  Factory  
  22  2:58  SCV  
  23  3:10  SCV  
  24  3:22  SCV  
  24  3:23  Orbital Command  
  25  3:28  Command Center  
  26  3:34  SCV  
  26  3:38  Hellion x2, Barracks Tech Lab  
  30  3:46  SCV  
  31  3:49  SCV  
  32  3:58  SCV  
  32  3:59  Hellion x2  
  32  4:00  Refinery  
  32  4:01  SCV  
  38  4:06  Stimpack  
  39  4:10  SCV  
  39  4:13  SCV  
  39  4:16  Supply Depot  
  40  4:22  Marine  
  41  4:32  Factory Reactor  
  41  4:33  SCV  
  41  4:37  SCV  
  43  4:39  Barracks x2  
  43  4:40  Marine  
  43  4:44  Orbital Command  
  43  4:45  SCV  
  45  4:50  Engineering Bay x2  
  45  4:51  SCV  
  46  4:57  SCV, Marine  
  48  5:03  SCV  
  48  5:04  Refinery  
  49  5:09  SCV  
  49  5:13  SCV  
  51  5:15  SCV, Marine  
  51  5:17  Terran Infantry Weapons Level 1, Terran Infantry Armor Level 1  
  53  5:22  Factory Reactor  
  53  5:23  SCV  
  53  5:25  SCV  
  53  5:26  Starport  
  55  5:29  Marine x2  
  55  5:33  Marine, SCV  
  55  5:35  SCV  
  60  5:36  Marine  
  60  5:37  Marine, Supply Depot, SCV  
  63  5:43  Orbital Command  
  63  5:46  Supply Depot  
  63  5:53  Combat Shield  
  63  5:58  Marine x5, SCV x2  
  70  6:09  Factory Reactor  
  70  6:10  SCV x3  
  73  6:14  Barracks x2  
  73  6:15  Supply Depot x2  
  73  6:16  Marine, Medivac x2  
  78  6:20  Supply Depot  
  78  6:22  SCV  
  78  6:23  SCV x2  
  81  6:26  Refinery  
  81  6:28  Marine x2  
  81  6:29  Marine x2  
  85  6:34  Marine, SCV  
  85  6:39  SCV  
  89  6:40  SCV  
  89  6:46  Marine x3, SCV  
  89  6:47  Marine  
  92  6:51  Marine  
  92  6:52  SCV x2  
  92  6:54  Widow Mine x2  
  103  6:55  Medivac x2  
  103  6:58  SCV  
  103  7:00  Supply Depot  
  106  7:02  Barracks Reactor  
  106  7:03  Supply Depot  
  106  7:04  SCV  
  106  7:05  Barracks Reactor  
  106  7:06  SCV  
  108  7:10  Armory  
  108  7:13  SCV  
  109  7:16  SCV  
  97  7:23  Marine x2  
  97  7:24  Marine x3  
  97  7:25  Factory  
  102  7:31  Command Center  
  102  7:32  SCV  
  102  7:33  SCV x2  
  105  7:38  Marine x2  
  105  7:41  Marine x3  
  105  7:42  Marine x2  
  105  7:44  Supply Depot  
  112  7:45  Marine x2  
  114  7:53  Widow Mine x2  
  114  7:56  Marine  
  114  7:57  Marine  
  120  8:00  Marine x5  
  120  8:03  Marine x2  
  127  8:06  SCV  
  127  8:08  Barracks  
  127  8:10  Barracks  
  127  8:11  Barracks  
  127  8:12  SCV x2  
  130  8:14  Marine, Widow Mine  
  130  8:15  Widow Mine  
  135  8:21  Marine x2  
  135  8:23  Factory Tech Lab  
  135  8:24  Supply Depot  
  135  8:25  Refinery  
  127  8:27  Supply Depot  
  127  8:29  Supply Depot  
  127  8:30  Marine x3  
  127  8:31  Marine x3  
  127  8:33  Marine  
  123  8:38  Marine x2  
  123  8:39  Widow Mine  
  127  8:45  SCV x3  
  127  8:46  Widow Mine  
  127  8:48  Marine x2  
  134  8:51  Sensor Tower  
  134  8:54  Marine x3  
  137  8:57  SCV x2  
  137  9:00  Marine x2  
  137  9:01  Marine  
  137  9:02  Marine  
  141  9:05  Marine  
  141  9:06  Widow Mine  
  144  9:12  Marine  
  144  9:14  Marine x2  
  144  9:15  Marine  
  118  9:18  Marine x2  
  83  9:31  Barracks Reactor, Barracks Tech Lab  
  83  9:32  Barracks Reactor  
Show
View Real Time Build Order
Export as new Build Order

Lambo Zerg - Winner!

Build Orders: Hatch First 

Get SALT Encoding   

  8  0:00  Drone  
  9  0:11  Drone  
  10  0:16  Drone  
  11  0:21  Drone  
  12  0:29  Extractor, Drone  
  13  0:37  Overlord  
  13  0:56  Drone x2  
  15  1:09  Hatchery  
  14  1:14  Drone  
  14  1:18  Drone  
  16  1:21  Drone  
  17  1:35  Spawning Pool  
  17  1:38  Drone  
  17  1:40  Extractor  
  17  1:43  Drone  
  17  1:47  Drone  
  18  1:55  Drone  
  19  2:06  Overlord  
  19  2:22  Queen x2  
  23  2:25  Zergling x4  
  23  2:28  Zergling x2  
  26  2:33  Drone  
  26  2:34  Drone  
  28  2:42  Metabolic Boost  
  28  2:45  Drone  
  28  2:48  Drone  
  30  2:56  Drone x2  
  32  3:02  Overlord  
  32  3:18  Hatchery  
  31  3:20  Drone  
  31  3:21  Drone x3  
  35  3:28  Queen  
  35  3:32  Overlord  
  37  3:36  Drone  
  37  3:37  Drone  
  39  3:43  Drone  
  39  3:44  Overlord  
  40  3:50  Drone x3  
  40  3:54  Queen  
  45  3:57  Zergling x2  
  45  3:59  Drone  
  47  4:03  Drone  
  47  4:06  Queen  
  47  4:09  Drone  
  51  4:11  Drone x2  
  51  4:14  Drone  
  54  4:22  Drone  
  54  4:23  Drone  
  56  4:29  Queen  
  56  4:30  Queen  
  60  4:31  Overlord  
  60  4:36  Overlord  
  59  4:51  Drone x8  
  67  4:57  Drone x3  
  70  5:01  Drone, Lair  
  70  5:04  Extractor  
  70  5:05  Drone, Baneling Nest  
  70  5:10  Drone  
  70  5:13  Drone x2  
  73  5:19  Hatchery, Evolution Chamber  
  74  5:21  Drone x4  
  74  5:24  Spore Crawler, Overlord  
  74  5:26  Drone  
  75  5:34  Extractor x2, Queen  
  75  5:37  Overlord x2  
  75  5:39  Overlord  
  75  5:40  Evolution Chamber  
  75  5:42  Overlord  
  74  5:47  Zergling x4  
  74  5:48  Drone x4  
  80  5:50  Zerg Ground Armor Level 1  
  80  5:52  Drone  
  81  5:59  Zergling x14  
  88  6:07  Zergling x2  
  88  6:10  Overlord  
  89  6:12  Zergling x8  
  89  6:15  Zerg Melee Weapons Level 1  
  89  6:16  Centrifugal Hooks  
  93  6:20  Zergling x10  
  93  6:22  Baneling x5  
  93  6:24  Zergling x4  
  100  6:31  Baneling x3  
  100  6:32  Zergling x8  
  104  6:38  Overlord  
  103  6:42  Overlord  
  103  6:43  Drone x4  
  107  6:48  Drone x4  
  111  6:56  Hatchery, Drone x7  
  117  7:07  Drone x4  
  121  7:09  Hatchery  
  121  7:10  Zergling x6  
  122  7:20  Zergling x18  
  122  7:26  Overseer  
  122  7:29  Overlord, Zergling x10  
  127  7:36  Zergling x18  
  136  7:37  Baneling x7  
  136  7:46  Overlord  
  136  7:47  Overlord  
  136  7:49  Overlord  
  136  7:50  Baneling  
  136  7:51  Pneumatized Carapace, Overlord  
  136  7:53  Overlord  
  136  7:57  Overlord  
  136  7:59  Zergling x16  
  136  8:03  Baneling x4  
  144  8:06  Zergling x12  
  144  8:12  Zergling x10  
  154  8:22  Zergling x16  
  154  8:25  Overlord  
  161  8:31  Zergling x16  
  157  8:37  Baneling x6, Overseer  
  157  8:38  Overseer, Infestation Pit  
  157  8:40  Zergling x18  
  165  8:47  Zergling x6  
  168  8:54  Hatchery  
  166  8:56  Zergling x20  
  166  8:58  Baneling  
  166  8:59  Baneling x3  
  171  9:04  Zergling x16  
  171  9:08  Zergling x2  
  171  9:09  Zergling x10  
  156  9:18  Zergling x20  
Tags
 
Add a new tag
Caveats
  • Supply blocks, unpowered buildings, or Contaminate may cause inaccurate times.
  • Supply counts are checked every 10 seconds.